 Dungeon Crawl Stone Soup version 0.23.2-33-g5129a83184 (webtiles) character file.

Game seed: 10643534553790797708

758 Atelerd the Conjurer (level 7, -2/45 HPs)
             Began as an Octopode Wizard on July 16, 2019.
             Slain by a hornet zombie (13 damage)
             ... on level 5 of the Dungeon.
             The game lasted 00:10:45 (5464 turns).

Atelerd the Conjurer (Octopode Wizard)              Turns: 5464, Time: 00:10:45

Health: -2/45      AC:  1    Str:  6    XL:     7   Next: 80%
Magic:  7/14       EV: 13    Int: 23    God:
Gold:   162        SH:  0    Dex: 10    Spells: 7/16 levels left

rFire    . . .     SeeInvis .   e - +0 dagger
rCold    . . .     Gourm    .   (no shield)
rNeg     . . .     Faith    .   a - +0 hat
rPois    .         Spirit   .   (no amulet)
rElec    .         Reflect  .   (no ring)
rCorr    .         Harm     .   (no ring)
MR       .....                  (no ring)
Stlth    +++.......             (no ring)
HPRegen  0.15/turn              (no ring)
MPRegen  0.14/turn              (no ring)
                                (no ring)
                                (no ring)

@: no status effects
A: almost no armour, stealthy swim, amphibious, 8 rings, constrict 8, camouflage
1, gelatinous body 1
a: no special abilities


You were on level 5 of the Dungeon.
You were not hungry.

You visited 1 branch of the dungeon, and saw 5 of its levels.

You collected 162 gold pieces.

Inventory:

Hand Weapons
 e - a +0 dagger (weapon)
Armour
 a - a +0 hat (worn)
Wands
 p - a wand of iceblast (18)
Scrolls
 f - 3 scrolls of identify
 g - a scroll of fog
 h - 4 scrolls of teleportation
 j - a scroll of noise
 k - a scroll of immolation
 m - a scroll of enchant armour
 n - a scroll of remove curse
 t - a scroll of amnesia
Potions
 b - a potion of ambrosia
 d - a potion of heal wounds
 i - 2 potions of invisibility
 l - 3 potions of brilliance
 o - a potion of mutation
 q - a potion of resistance
 r - a potion of might
 s - a potion of curing
Comestibles
 c - 9 rations


   Skills:
 - Level 2.0 Fighting
 - Level 2.0 Dodging
 - Level 2.6 Stealth
 + Level 5.1 Spellcasting
 * Level 6.6 Conjurations
   Level 1.0 Summonings
 - Level 1.0 Translocations


You had 7 spell levels left.
You knew the following spells:

 Your Spells              Type           Power        Failure   Level  Hunger
a - Magic Dart            Conj           ####         1%          1    None
b - Mephitic Cloud        Conj/Pois/Air  ###.....     12%         3    ##.....
c - Blink                 Tloc           N/A          10%         2    None
d - Conjure Flame         Conj/Fire      ###.....     7%          3    ##.....

Your spell library contained the following spells:

 Spells                   Type           Power        Failure   Level  Hunger
 Dazzling Spray           Conj/Hex       ###...       7%          3    ##.....
 Corona                   Hex            #......      10%         1    None
 Call Imp                 Summ           ##......     10%         2    None
 Ensorcelled Hibernation  Hex/Ice        #.....       14%         2    None
 Slow                     Hex            #.......     14%         2    None
 Confuse                  Hex            #.......     28%         3    ##.....
 Tukima's Dance           Hex            #.......     28%         3    ##.....


Dungeon Overview and Level Annotations

Branches:
Dungeon (5/15)
 Temple: D:4-7

Altars:
Cheibriados
Ru
Xom
Yredelemnul
The Shining One

Shops:
D:4 [

Annotations:
D:1 exclusion: 2 downstairs
D:3 exclusion: downstairs


Innate Abilities, Weirdness & Mutations

You cannot wear most types of armour.
You are very stealthy in the water. (Stealth+)
You are amphibious.
You can wear up to eight rings at the same time.
You can use your tentacles to constrict eight enemies at once.
Your skin changes colour to match your surroundings (Stealth+).
Your rubbery body absorbs attacks. (AC +1, EV +1)


Message History

Unknown command.
Casting: Conjure Flame (safe; 7% risk of failure)
Confirm with . or Enter, or press ? or * to list all spells.
Aiming: Conjure Flame (safe; 7% risk of failure)
Press: ? - help, Dir - move target cursor, p - hornet zombie The fire ignites!
You hit the hornet zombie but do no damage.
Your grab misses the hornet zombie.
The hornet zombie is lightly damaged.
The hornet zombie is engulfed in blazing flames.
The hornet zombie hits you!
The hornet zombie is engulfed in blazing flames.
The hornet zombie hits you!
* * * LOW HITPOINT WARNING * * *
You closely miss the hornet zombie. You grab the hornet zombie.
The hornet zombie is severely damaged.
You constrict the hornet zombie, but do no damage.
The hornet zombie is engulfed in blazing flames.
The hornet zombie hits you!
You die...

#######
#@Z...#
#.###.#
#S#<#ยง#
#.#.#.#
#.#...#
#.#####
#.. ###


You could see a hornet zombie and a ball python.

Vanquished Creatures
  Grinder (D:3)
  A phantom (D:4)
  A hound (D:4)
  4 worker ants
  A bullfrog skeleton (D:4)
  2 orc wizards
  10 gnolls
  8 adders
  2 oozes
  2 worms (D:3)
  4 dart slugs
  5 orcs
  A ball python (D:1)
  7 giant cockroaches
  11 goblins
  13 hobgoblins
  7 jackals
  6 kobolds
  A quokka (D:3)
  7 bats
  7 frilled lizards
  A quokka skeleton (D:4)
  9 rats
111 creatures vanquished.

Notes
Turn   | Place    | Note
-------+----------+-------------------------------------------
     0 | D:1      | Atelerd the Octopode Wizard began the quest for the Orb.
     0 | D:1      | Reached XP level 1. HP: 11/11 MP: 4/4
   117 | D:1      | Reached XP level 2. HP: 11/17 MP: 1/6
   225 | D:1      | Reached skill level 2 in Conjurations
   350 | D:1      | Reached XP level 3. HP: 20/21 MP: 1/7
   355 | D:1      | Learned a level 3 spell: Mephitic Cloud
   358 | D:1      | Learned a level 2 spell: Blink
  1106 | D:2      | Reached skill level 3 in Conjurations
  1114 | D:2      | Reached XP level 4. HP: 25/27 MP: 0/9
  2011 | D:2      | Found a snail-covered altar of Cheibriados.
  2039 | D:2      | Found a shimmering altar of Xom.
  2039 | D:2      | Found a basalt altar of Yredelemnul.
  2263 | D:3      | Reached XP level 5. HP: 29/31 MP: 7/10
  2314 | D:3      | Learned a level 3 spell: Conjure Flame
  2344 | D:3      | Reached skill level 4 in Conjurations
  2966 | D:3      | Noticed Grinder
  2983 | D:3      | Paralysed by Grinder for 6 turns
  2989 | D:3      | Killed Grinder
  2989 | D:3      | Reached skill level 1 in Fighting
  2989 | D:3      | Reached skill level 5 in Conjurations
  2989 | D:3      | Reached XP level 6. HP: 18/38 MP: 7/12
  3914 | D:3      | Reached XP level 7. HP: 19/44 MP: 6/13
  4698 | D:4      | Found a glowing golden altar of the Shining One.
  4699 | D:4      | Found Hucuubas's Antique Armour Shop.
  4723 | D:4      | Found a sacrificial altar of Ru.
  4741 | D:4      | Reached skill level 6 in Conjurations
  4896 | D:4      | Reached skill level 5 in Spellcasting
  5452 | D:5      | Entered Level 5 of the Dungeon
  5464 | D:5      | Slain by a hornet zombie

Skill      XL: |  1  2  3  4  5  6  7 |
---------------+----------------------+-----
Conjurations   | 2 3 5 6 |  6.6
Spellcasting   | 4 5 |  5.1
Fighting       | 1 2 |  2.0
Dodging        | |  2.0
Stealth        | |  2.6
Summonings     | |  1.0
Translocations | |  1.0

Action                   |  1- 3 |  4- 6 |  7- 9 || total
-------------------------+-------+-------+-------++-------
Melee: Unarmed           |    14 |       |       ||    14
       Constrict         |    14 |    25 |    20 ||    59
       Tentacles         |     5 |    15 |     8 ||    28
       Dagger            |    41 |    98 |    68 ||   207
 Cast: Magic Dart        |    29 |    72 |    43 ||   144
       Mephitic Cloud    |     1 |     9 |     8 ||    18
       Blink             |       |       |     4 ||     4
       Conjure Flame     |       |       |     3 ||     3
  Use: Scroll            |       |    10 |     2 ||    12
       Potion            |       |     5 |       ||     5
 Stab: Sleeping          |     5 |     7 |     1 ||    13
       Confused          |       |     4 |       ||     4
  Eat: Chunk             |       |     6 |     6 ||    12
       Ration            |       |     1 |       ||     1
Armor: Skin              |     4 |    15 |     2 ||    21
Dodge: Dodged            |    48 |    64 |    43 ||   155
